AoeStats
← mmartel76

Hideout

509812992Analyzed
1v1 RM · 6d ago on Sep 28, 2026· 41m 18s· 2 players
Game mode
Random Map
Map size
Tiny (2 player)
Population
200
Speed
Normal
Resources
Standard
Victory
Conquest
Starting age
Dark Age
Ending age
Imperial Age
RankedLock teamsTeams togetherTeam positionsShared explorationLock speedFull tech treeHidden civsTurbo modeCheats
Victory
Defeat
🇵🇪 Burgundians · Peru
456
+13
🇲🇽 Teutons · Mexico
393
-13
1-72
8:33 Loom
10:26 Feudal Age
11:04 Loom
13:45 Double-Bit Axe
13:58 Horse Collar
15:33 Wheelbarrow
14:44 Town Watch
15:51 Gold Mining
16:06 Stone Mining
16:57 Forging
16:37 Fletching
16:49 Padded Archer Armor
16:50 Scale Mail Armor
24:42 Castle Age
25:08 Crossbowman
27:44 Hand Cart
27:29 Town Patrol
27:23 Elite Skirmisher
27:53 Arson
28:09 Squires
31:35 Masonry
32:10 Iron Casting
31:31 Bodkin Arrow
33:59 Scale Barding Armor
34:13 Chain Mail Armor
34:15 Leather Archer Armor
36:01 Chain Barding Armor
39:33 Imperial Age
39:13 Bloodlines
39:29 Bloodlines
41:48 Chemistry
mmartel76
0:29 Loom
1:45 Loom
2:44 Loom
4:31 Wheelbarrow
12:01 Feudal Age
10:24 Double-Bit Axe
10:54 Horse Collar
13:10 Bow Saw
16:27 Hand Cart
18:37 Heavy Plow
22:27 Castle Age
20:54 Fletching
21:04 Padded Archer Armor
21:11 Town Watch
21:52 Man-at-Arms
23:44 Crop Rotation
24:19 Two-Man Saw
23:39 Stone Mining
23:41 Gold Mining
23:32 Crossbowman
24:33 Leather Archer Armor
24:33 Pikeman
25:14 Squires
25:30 Forging
25:21 Scale Mail Armor
27:06 Ballistics
26:28 Treadmill Crane
27:33 Stone Shaft Mining
27:53 Careening
27:43 Murder Holes
33:03 Imperial Age
31:27 Bodkin Arrow
31:37 Scale Mail Armor
32:43 Masonry
33:10 Fervor
35:33 Conscription
36:14 Burgundian Vineyards
35:42 Capped Ram
39:21 Chemistry
38:59 Cavalier
40:47 Light Cavalry
40:47 Paladin
41:28 Husbandry
Connection lost

Rejoining the realm…

Still unreachable

The connection could not be restored.

Session expired

The server has moved on; the page needs a fresh start.